AoeStats
← RICARDONE ES SABALERO

Black Forest

508545205Analyzed
4v4 RM · 9d ago on Sep 23, 2026· 59m 2s· 8 players
Game mode
Random Map
Map size
Large (8 player)
Population
200
Speed
Normal
Resources
Standard
Victory
Conquest
Starting age
Dark Age
Ending age
Imperial Age
RankedLock teamsTeams togetherTeam positionsShared explorationLock speedFull tech treeHidden civsTurbo modeCheats
Victory
Defeat
🇨🇦 Saracens · Canada
1210
+11
🇺🇸 Varangians · United States
1090
+16
🇺🇸 Danes · United States
1039
+18
🇺🇸 Cumans · United States
978
+21
🇦🇷 Danes · Argentina
1136
-18
🇹🇼 Saxons · Taiwan
1101
-17
🇬🇧 Lithuanians · United Kingdom
1087
-16
🇦🇷 Franks · Argentina
1058
-15
christopher.donnelly1
1:40 Loom
12:03 Feudal Age
16:39 Castle Age
15:28 Horse Collar
15:36 Double-Bit Axe
17:53 Heavy Plow
18:31 Bow Saw
20:30 Wheelbarrow
20:44 Scale Barding Armor
24:27 Forging
31:41 Imperial Age
29:28 Hand Cart
30:23 Chain Barding Armor
30:44 Iron Casting
31:27 Coinage
32:24 Gold Mining
32:27 Stone Mining
32:30 Fletching
32:43 Padded Archer Armor
33:30 Crop Rotation
34:03 Two-Man Saw
39:57 Town Watch
40:38 Conscription
41:37 Elite Skirmisher
42:23 Thumb Ring
43:29 Banking
44:22 Ballistics
45:45 Bloodlines
45:36 Husbandry
46:27 Town Patrol
46:47 Tower Shields
47:29 Hoardings
48:23 Chemistry
47:36 Masonry
47:07 Treadmill Crane
47:26 Murder Holes
47:20 Cavalier
48:09 Crossbowman
48:49 Bodkin Arrow
49:48 Cavalier
58:18 Bracer
58:56 Plate Barding Armor
facu_bartha
5:18 Loom
12:34 Feudal Age
16:24 Castle Age
14:14 Double-Bit Axe
16:16 Wheelbarrow
18:52 Bow Saw
22:51 Forging
23:09 Scale Barding Armor
33:06 Gold Mining
33:34 Hand Cart
39:15 Imperial Age
36:52 Scale Mail Armor
37:44 Ordonnance Companies
39:20 Gold Shaft Mining
40:12 Iron Casting
39:55 Chain Mail Armor
39:49 Elite Throwing Axeman
43:00 Blast Furnace
42:32 Plate Mail Armor
41:36 Cavalier
42:38 Caravan
43:53 Conscription
46:04 Paladin
46:30 Heavy Scorpion
47:21 Fletching
48:53 Chain Barding Armor
48:33 Bodkin Arrow
54:28 Elite Skirmisher
55:12 Light Cavalry
56:56 Husbandry
57:34 Plate Barding Armor
58:32 Chemistry
Mr.Big
9:49 Feudal Age
15:43 Castle Age
18:07 Wheelbarrow
18:25 Double-Bit Axe
18:34 Horse Collar
19:23 Bow Saw
19:28 Heavy Plow
23:37 Gold Mining
29:47 Imperial Age
27:35 Hand Cart
27:22 Stone Mining
28:08 Gold Shaft Mining
28:09 Town Watch
29:30 Squires
29:22 Gambesons
29:40 Scale Mail Armor
29:54 Elite Varangian Guard
30:52 Loom
31:54 Siege Engineers
33:28 Chemistry
32:48 Arson
33:41 Town Patrol
35:39 Shield Wall
37:53 Chain Mail Armor
37:49 Forging
40:03 Fletching
40:14 Padded Archer Armor
40:18 Capped Ram
40:25 Elite Skirmisher
40:36 Heavy Mounted Crossbowman
40:37 Cranequins
41:23 Thumb Ring
41:16 Bodkin Arrow
42:28 Bracer
42:45 Siege Ram
44:29 Ballistics
45:29 Leather Archer Armor
50:27 Ring Archer Armor
50:28 Plate Mail Armor
50:33 Iron Casting
50:42 Caravan
52:50 Pikeman
53:27 Crossbowman
53:39 Halberdier
54:38 Scale Barding Armor
55:02 Bloodlines
54:52 Husbandry
54:13 Light Cavalry
57:46 Hussar
59:04 Conscription
RICARDONE ES SABALERO
0:36 Loom
11:29 Feudal Age
13:07 Double-Bit Axe
15:34 Castle Age
13:24 Horse Collar
17:58 Bow Saw
17:45 Town Watch
18:38 Wheelbarrow
21:46 Masonry
24:39 Heavy Plow
29:30 Squires
29:15 Gambesons
31:13 Scale Mail Armor
31:23 Forging
31:37 Forging
32:00 Arson
32:13 Hamask
33:16 Chain Mail Armor
36:50 Imperial Age
35:34 Iron Casting
36:55 Stone Mining
37:36 Hand Cart
36:54 Elite Jomsviking
37:56 Conscription
38:15 Plate Mail Armor
40:14 Ballistics
40:54 Chemistry
40:01 Siege Engineers
39:47 Fletching
39:59 Gold Mining
40:01 Cranequins
41:36 Hoardings
41:07 Bodkin Arrow
41:12 Padded Archer Armor
41:24 Thumb Ring
41:52 Heavy Mounted Crossbowman
43:32 Bracer
43:47 Leather Archer Armor
45:27 Blast Furnace
46:08 Ring Archer Armor
48:56 Caravan
49:14 Bloodlines
49:04 Husbandry
49:06 Onager
50:22 Siege Onager
53:02 Pikeman
Jarl Pajeet_Singh
3:14 Loom
11:49 Feudal Age
12:18 Double-Bit Axe
18:33 Scale Mail Armor
19:06 Forging
18:20 Man-at-Arms
20:54 Fishing Lines
24:50 Horse Collar
28:01 Castle Age
26:37 Wheelbarrow
28:54 Gillnets
29:25 Bow Saw
31:25 Gold Mining
32:53 Hand Cart
32:27 Town Watch
33:21 Squires
35:21 Town Patrol
35:46 Chain Mail Armor
36:06 Iron Casting
37:04 Gold Shaft Mining
39:30 Imperial Age
37:34 Heavy Plow
39:01 Pikeman
41:24 Plate Mail Armor
41:55 Blast Furnace
40:34 Onager
40:40 Halberdier
40:50 Elite Varangian Guard
44:59 Chemistry
44:04 Siege Engineers
44:34 Siege Onager
49:34 Conscription
48:37 Northmen's Fury
50:56 Murder Holes
51:24 Ballistics
57:42 Caravan
Kumar Singh
8:47 Loom
11:04 Feudal Age
15:04 Double-Bit Axe
20:37 Fishing Lines
25:17 Castle Age
25:26 Wheelbarrow
28:09 Bow Saw
28:30 Capped Ram
29:44 Sanctity
29:49 Hand Cart
29:23 Town Watch
30:19 Town Patrol
31:52 Gillnets
33:07 Pikeman
33:47 Squires
36:53 Imperial Age
37:50 Forging
37:41 Scale Mail Armor
37:47 Scale Barding Armor
37:45 Scale Mail Armor
37:54 Scale Barding Armor
38:05 Forging
37:58 Scale Mail Armor
38:36 Siege Ram
40:37 Conscription
39:50 Sappers
40:22 Cuman Mercenaries
42:41 Caravan
44:49 Halberdier
45:36 Scale Barding Armor
46:07 Iron Casting
45:53 Chain Mail Armor
47:15 Two-Man Saw
45:58 Horse Collar
47:39 Fervor
50:16 Onager
55:13 Scale Barding Armor
56:08 Blast Furnace
55:39 Plate Mail Armor
57:38 Chain Barding Armor
57:50 Bloodlines
Major Bedhead
13:30 Feudal Age
17:02 Castle Age
15:02 Double-Bit Axe
14:59 Horse Collar
15:12 Stone Mining
16:15 Wheelbarrow
16:09 Horse Collar
16:20 Loom
19:11 Forging
19:40 Gold Mining
22:53 Town Watch
28:01 Bow Saw
27:41 Town Watch
28:15 Redemption
31:27 Imperial Age
29:24 Bloodlines
29:23 Heavy Plow
30:01 Gold Shaft Mining
29:19 Fletching
29:37 Scale Barding Armor
30:01 Sanctity
31:08 Iron Casting
30:45 Bloodlines
30:35 Husbandry
30:45 Bloodlines
31:30 Fervor
31:57 Hand Cart
33:15 Chemistry
33:38 Blast Furnace
32:00 Elite Mameluke
33:01 Conscription
33:30 Block Printing
34:23 Fortified Wall
34:55 Chain Barding Armor
37:24 Siege Engineers
37:39 Ballistics
37:11 Fletching
39:34 Plate Barding Armor
41:29 Caravan
43:07 Two-Man Saw
43:28 Bimaristan
43:54 Hoardings
44:19 Thumb Ring
44:12 Light Cavalry
46:07 Theocracy
47:16 Hussar
GLD_PLZ
7:19 Loom
11:51 Feudal Age
15:49 Castle Age
15:00 Double-Bit Axe
17:13 Bow Saw
24:01 Fletching
27:03 Bodkin Arrow
29:37 Horse Collar
30:32 Ballistics
33:20 Masonry
36:01 Heavy Plow
39:59 Imperial Age
40:03 Elite Jarl
41:03 Conscription
42:38 Two-Man Saw
41:30 Gold Mining
41:30 Stone Mining
45:46 Stone Shaft Mining
45:46 Crop Rotation
44:43 Cavalier
45:33 Bloodlines
45:24 Husbandry
45:51 Scale Barding Armor
45:56 Forging
45:48 Bracer
47:11 Caravan
47:43 Coinage
47:24 Guilds
48:34 Wheelbarrow
47:44 Town Watch
49:25 Chain Barding Armor
49:40 Iron Casting
49:58 Banking
49:19 Light Cavalry
50:29 Hussar
53:46 Plate Barding Armor
54:28 Blast Furnace
54:07 Vendel Legacy
Connection lost

Rejoining the realm…

Still unreachable

The connection could not be restored.

Session expired

The server has moved on; the page needs a fresh start.